AoeStats
← Kez

Black Forest

508488877Analyzed
3v3 RM · 9d ago on Sep 22, 2026· 35m 50s· 6 players
Game mode
Random Map
Map size
Normal (6 player)
Population
200
Speed
Normal
Resources
Standard
Victory
Conquest
Starting age
Dark Age
Ending age
Imperial Age
RankedLock teamsTeams togetherTeam positionsShared explorationLock speedFull tech treeHidden civsTurbo modeCheats
Victory
Defeat
🇨🇦 Maya · Canada
1425
+13
🇹🇷 Slavs · Türkiye
1299
+18
🇩🇪 Vietnamese · Germany
1276
+19
🇬🇧 Vikings · United Kingdom
1372
-18
🇳🇱 Burgundians · Netherlands
1352
-17
🇷🇺 Saracens · Russia
1300
-15
Kez
1:16 Loom
13:01 Feudal Age
11:37 Double-Bit Axe
18:12 Castle Age
30:12 Horse Collar
31:58 Heavy Plow
33:20 Scale Barding Armor
willrhyd
12:04 Feudal Age
12:53 Double-Bit Axe
15:52 Castle Age
13:51 Horse Collar
16:55 Bow Saw
17:04 Heavy Plow
21:14 Gold Mining
21:18 Stone Mining
23:38 Fervor
23:25 Loom
27:42 Loom
31:00 Imperial Age
29:13 Scale Mail Armor
29:24 Forging
29:59 Fletching
31:34 Padded Archer Armor
31:29 Bodkin Arrow
31:34 Padded Archer Armor
32:19 Iron Casting
31:59 Chain Mail Armor
31:15 Man-at-Arms
31:56 Squires
31:18 Elite Varangian Guard
33:23 Conscription
33:34 Man-at-Arms
34:21 Man-at-Arms
35:05 Long Swordsman
gr0ss
2:11 Loom
12:54 Feudal Age
15:03 Fishing Lines
21:36 Castle Age
20:01 Double-Bit Axe
22:13 Gillnets
22:38 Bow Saw
30:13 Wheelbarrow
29:24 Town Watch
33:40 Imperial Age
33:20 Ballistics
33:58 Forging
33:53 Scale Barding Armor
35:46 Hand Cart
35:54 Conscription
36:01 Bloodlines
35:54 Husbandry
Im2Good4YoMoma
0:36 Loom
12:22 Feudal Age
13:03 Double-Bit Axe
15:56 Castle Age
14:46 Fishing Lines
16:45 Wheelbarrow
17:21 Bow Saw
21:59 Gillnets
22:28 Stone Mining
24:35 Horse Collar
24:49 Gold Mining
28:44 Imperial Age
26:36 Forging
26:26 Scale Mail Armor
26:45 Treadmill Crane
26:32 Eagle Warrior
26:57 Arson
27:13 Squires
27:36 Hand Cart
27:10 Town Watch
29:11 Iron Casting
28:52 Chain Mail Armor
28:51 Masonry
30:10 Holcans
30:01 Conscription
29:24 Elite Eagle Warrior
31:13 Blast Furnace
31:38 Plate Mail Armor
30:45 Capped Ram
33:13 Two-Man Saw
32:41 Siege Ram
The_Physicist
0:40 Loom
14:44 Feudal Age
15:48 Double-Bit Axe
18:59 Castle Age
20:34 Bow Saw
20:27 Town Watch
20:37 Fishing Lines
21:03 Gillnets
22:38 Wheelbarrow
23:45 Stone Mining
24:58 Fletching
26:21 Horse Collar
26:52 Padded Archer Armor
27:47 Gold Mining
28:16 Bodkin Arrow
29:34 Hand Cart
29:26 Heavy Plow
30:03 Scale Barding Armor
30:04 Town Patrol
31:01 Stone Shaft Mining
31:38 Caravan
34:39 Imperial Age
32:41 Chain Barding Armor
33:15 Forging
33:22 Leather Archer Armor
33:56 Chatras
34:09 Bloodlines
34:00 Husbandry
35:57 Iron Casting
35:46 Ballistics
36:02 Paper Money
reckem3
8:39 Loom
10:59 Feudal Age
12:10 Man-at-Arms
19:41 Castle Age
19:15 Double-Bit Axe
19:14 Horse Collar
20:08 Forging
19:45 Long Swordsman
20:27 Scale Mail Armor
30:40 Wheelbarrow
32:13 Hand Cart
33:17 Town Watch
34:42 Squires
34:58 Chain Mail Armor
35:20 Town Patrol
Connection lost

Rejoining the realm…

Still unreachable

The connection could not be restored.

Session expired

The server has moved on; the page needs a fresh start.